 Dungeon Crawl Stone Soup version 0.19.5 (webtiles) character file.

42 Patchouli the Caller (level 3, -13/22 HPs)
             Began as a Tengu Summoner on Mar 16, 2017.
             Splashed by Pikel's acid (14 damage)
             ... on level 4 of the Dungeon.
             The game lasted 00:11:15 (1431 turns).

Patchouli the Caller (Tengu Summoner)               Turns: 1431, Time: 00:11:16

Health: -13/22     AC:  2    Str:  8    XL:     3   Next: 56%
Magic:  1/7        EV: 13    Int: 16    God:
Gold:   88         SH:  0    Dex: 14    Spells: 3 memorised, 0 levels left

rFire  . . .     SeeInvis +     j - +0 spear
rCold  . . .     Gourm    .     a - +0 robe
rNeg   . . .     Faith    .     (no shield)
rPois  .         Spirit   .     (helmet restricted)
rElec  .         Reflect  .     (no cloak)
rCorr  .         Harm     .     (no gloves)
MR     .....                    (boots unavailable)
Stlth  ++........               (no amulet)
                                (no ring)
                                p - ring of see invisible

@: no status effects
A: beak, horns 2, talons 3, robust 1
a: no special abilities


You were on level 4 of the Dungeon.
You were not hungry.

You visited 1 branch of the dungeon, and saw 4 of its levels.

You collected 88 gold pieces.

Inventory:

Hand Weapons
 d - a +0 whip
 j - a +0 spear (weapon)
 u - the +5 dagger "Bingo" {pierce, *Corrode MR++ Dex+3, unknown}
   (You found it on level 4 of the Dungeon)

   It inflicts extra damage upon your enemies.
   It affects your dexterity (+3).
   It affects your resistance to hostile enchantments.
   It may corrode you when you take damage.
Missiles
 e - a throwing net (quivered)
 g - 23 bolts
Armour
 a - a +0 robe (worn)
Magical Staves
 v - an uncursed staff of power {unknown}
Jewellery
 p - a ring of see invisible (left hand)
 t - an uncursed ring of stealth {unknown}
Scrolls
 h - 2 scrolls of remove curse {unknown}
 l - a scroll of fog {unknown}
 m - 3 scrolls of identify {unknown}
 q - a scroll of noise {unknown}
Potions
 i - a potion of mutation
 k - a potion of heal wounds {unknown}
 o - a potion of brilliance {unknown}
 r - 2 potions of might {unknown}
Books
 b - a book of Callings

   Spells                             Type                      Level
   a - Summon Small Mammal            Summoning                    1
   b - Call Imp                       Summoning                    2
   c - Call Canine Familiar           Summoning                    3
   d - Summon Guardian Golem          Hexes/Summoning              3
   e - Summon Lightning Spire         Summoning/Air                4
   f - Summon Ice Beast               Ice/Summoning                4
Comestibles
 c - 3 bread rations
 f - 2 fruits
 n - 2 beef jerkies
 s - 3 chunks of flesh


   Skills:
 + Level 0.8 Fighting
 + Level 0.9 Polearms
 + Level 3.0 Dodging
 - Level 2.0 Stealth
 * Level 2.4 Spellcasting
 + Level 5.0 Summonings


You couldn't memorise any spells.
You knew the following spells:

 Your Spells              Type           Power        Failure   Level  Hunger
a - Summon Small Mammal   Summ           ###.         2%          1    #......
c - Call Canine Familiar  Summ           ###.....     10%         3    ###....
i - Call Imp              Summ           ###.....     4%          2    ###....


Dungeon Overview and Level Annotations

Branches:
Dungeon (4/15)
 Temple: D:4-7

Altars:

Annotations:
D:4 Pikel, Sigmund


Innate Abilities, Weirdness & Mutations

You have a beak for a mouth.
You have claws for feet.
You have a pair of horns on your head.
You are robust. (+10% HP)


Message History

Attack whom?
Press: ? - help, Dir - move target cursor, f/p - slave
Aim: a slave, wearing an animal skin (almost dead)
You reach to attack!
You barely miss the slave.
The slave is almost dead.
Your hound barely misses the slave.
Your white imp gestures at the slave.
The puff of frost hits the slave.
The slave dies!
Your hound bites the slave.
The slave hits your hound.
Your hound bites the slave but does no damage.
Your white imp barely misses the slave.
The slave hits your hound.
Your hound dies!
Your hound's corpse disappears in a puff of smoke!
Pikel zaps a wand.
The bolt of acid hits you!
Ouch! That really hurt!
* * * LOW HITPOINT WARNING * * *
You are splashed with acid!
The acid burns!
Ouch! That really hurt!
You die...

..... .#.. .# ... .#
#..###.# .....#.###
#.#.....# ######.......#
.......@.....#
#######.......## #
#...###.#ยง5)...# .#
#.#.#...#[p....###.#
#.#......K.........#
#.......##h#.......#
##..#..[...........#
#..................#
.######...####.#........(#


You could see Pikel, a slave, a hound and a friendly white imp.

Vanquished Creatures
  A dart slug (D:1)
  A bat (D:1)
  2 goblins (D:2)
  2 jackals (D:2)
  2 rats (D:3)
8 creatures vanquished.

Vanquished Creatures (collateral kills)
  A slave (D:4)
  A hound skeleton (D:4)
  2 adders (D:3)
  2 ball pythons
  A giant cockroach (D:2)
  A goblin (D:1)
  3 hobgoblins
  2 jackals (D:2)
  2 frilled lizards
  3 kobolds
  5 rats
23 creatures vanquished.

Grand Total: 31 creatures vanquished

Notes
Turn   | Place    | Note
-------+----------+-------------------------------------------
     0 | D:1      | Patchouli the Tengu Summoner began the quest for the Orb.
     0 | D:1      | Reached XP level 1. HP: 10/10 MP: 4/4
   479 | D:2      | Reached XP level 2. HP: 15/15 MP: 4/6
   483 | D:2      | Learned a level 2 spell: Call Imp
   584 | D:3      | Reached skill level 5 in Summonings
   595 | D:3      | Gained mutation: You are robust. (+10% HP) [potion of mutation]
   595 | D:3      | Gained mutation: You have a pair of small horns on your head. [potion of mutation]
   595 | D:3      | Gained mutation: You have a pair of horns on your head. [potion of mutation]
   805 | D:3      | Noticed an ice beast
   891 | D:4      | Noticed a slave
   891 | D:4      | Noticed Sigmund
   952 | D:3      | Reached XP level 3. HP: 5/22 MP: 3/7
   957 | D:3      | Learned a level 3 spell: Call Canine Familiar
  1407 | D:4      | Got an ichor-stained dagger
  1415 | D:4      | Noticed a slave
  1421 | D:4      | Noticed Pikel
  1430 | D:4      | Killed a slave
  1431 | D:4      | HP: 1/22 [Pikel/wand of acid (21)]
  1431 | D:4      | Splashed by Pikel's acid

Skill      XL: |  1  2  3 |
---------------+----------+-----
Summonings     | 5 |  5.0
Dodging        | 3 |  3.0
Fighting       | |  0.8
Polearms       | |  0.9
Stealth        | |  2.0
Spellcasting   | |  2.4

Action                   || total
-------------------------++-------
Melee: Spear             ||    41
       Whip              ||     1
       Kick              ||     1
 Cast: Summon Small Mamm ||    28
       Call Imp          ||    11
       Call Canine Famil ||     1
  Use: Potion            ||     3
 Stab: Sleeping          ||     3
       Distracted        ||     2
  Eat: Chunk             ||     3
Armor: Robe              ||     4
Dodge: Dodged            ||    11
